[Event "XII Sabadell Open 2019"]
[Site "Sabadell"]
[Date "2019.09.02"]
[Round "1.3"]
[White "Moskalenko, Viktor"]
[Black "Lever, Erwan"]
[Result "0-1"]
[ECO "B24"]
[WhiteElo "2475"]
[BlackElo "2221"]
[Annotator "RC"]
[PlyCount "158"]
[EventDate "2019.09.01"]
[EventCountry "ESP"]
[SourceTitle "playchess.com"]
[Source "ChessBase"]
[SourceQuality "1"]
[TimeControl "5400+30"]

1. e4 c5 2. Nc3 a6 3. g3 e6 4. Bg2 Nc6 5. Nh3 g6 6. O-O Bg7 7. f4 Nge7 8. d3 O-O 9. Nf2 d6 10. Ne2 b5 11. Rb1 b4 12. b3 Bb7 13. Bb2 Nd4 14. Nxd4 cxd4 15. Qe2 Rc8 16. g4 Rc5 17. g5 Qc7 18. Qe1 a5 19. Ng4 Rxc2 20. Bf3 d5 21. Nf6+ Bxf6 22. gxf6 Qxf4 23. Rf2 Rxf2 24. Qxf2 Nc6 25. Bg2 Qxf2+ 26. Kxf2 Ne5 27. Bxd4 Nxd3+ 28. Ke3 dxe4 29. Bxe4 Bxe4 30. Kxe4 Rd8 31. Kxd3 e5 32. Rc1 Rxd4+ 33. Ke3 Rd8 34. Rc5 Ra8 35. Rxe5 h6 36. Kd4 g5 37. Ke4 a4 38. Rb5 axb3 39. axb3 Kh7 40. Rxb4 Ra2 41. h4 Rh2 42. Kf5 Rf2+ 43. Kg4 Kg6 44. hxg5 hxg5 45. Rb8 Rf4+ 46. Kg3 Rxf6 47. b4 Rc6 48. b5 Rc3+ 49. Kf2 f5 50. Ke2 f4 51. Kd2 Rc5 52. Kd3 Kf5 53. Kd4 Rc1 54. b6 Kg4 55. b7 Rb1 56. Ke4 Rb3 57. Kd4 f3 58. Kc4 Rb1 59. Kd3 Rb3+ 60. Kd2 f2 61. Ke2 Kg3 62. Rf8 Rxb7 63. Rf3+ Kg4 64. Rf8 Rb4 65. Kf1 Kg3 66. Rf3+ Kg4 67. Rxf2 Kh3 68. Rf3+ Kh2 69. Rf2+ Kh1 70. Rf8 Rh4 71. Rg8 Rf4+ 72. Ke2 Rf5 73. Rh8+ Kg2 74. Rh5 Re5+ 75. Kd3 Kg3 76. Kd4 Ra5 77. Ke3 Rf5 78. Ke2 Rf2+ 79. Ke1 g4 0-1

[Event "XII Sabadell Open 2019"]
[Site "Sabadell"]
[Date "2019.09.02"]
[Round "1.4"]
[White "Campos Cayuelas, Adria"]
[Black "Oliva Castaneda, Kevel"]
[Result "0-1"]
[ECO "C77"]
[WhiteElo "2196"]
[BlackElo "2470"]
[Annotator "ChessBase"]
[PlyCount "42"]
[EventDate "2019.09.01"]
[EventCountry "ESP"]
[SourceTitle "playchess.com"]
[Source "ChessBase"]
[SourceQuality "1"]
[TimeControl "5400+30"]

1. e4 e5 2. Nf3 Nc6 3. Bb5 a6 4. Ba4 Nf6 5. d3 d6 6. c3 g6 7. O-O Bg7 8. Re1 O-O 9. d4 b5 10. Bc2 Bb7 11. a4 exd4 12. cxd4 Nb4 13. axb5 axb5 14. Rxa8 Qxa8 15. d5 c6 16. Nd4 cxd5 17. Nxb5 dxe4 18. Bb3 Nd3 19. Re2 d5 20. Be3 Ng4 21. Bb6 Qa6 0-1

[Event "XII Sabadell Open 2019"]
[Site "Sabadell"]
[Date "2019.09.02"]
[Round "1.6"]
[White "Vicient Calvo, Ramon"]
[Black "Diaz Camallonga, Carles"]
[Result "0-1"]
[ECO "C07"]
[WhiteElo "2155"]
[BlackElo "2440"]
[Annotator "NA"]
[PlyCount "118"]
[EventDate "2019.09.01"]
[EventCountry "ESP"]
[SourceTitle "playchess.com"]
[Source "ChessBase"]
[SourceQuality "1"]
[TimeControl "5400+30"]

1. d4 e6 2. e4 d5 3. Nd2 c5 4. Ngf3 cxd4 5. exd5 Qxd5 6. Bc4 Qd6 7. O-O Nf6 8. Nb3 Nc6 9. Nbxd4 Nxd4 10. Nxd4 Be7 11. c3 O-O 12. Qf3 Qc7 13. Bb3 Bd6 14. h3 Bh2+ 15. Kh1 Be5 16. Be3 Bd7 17. Rfe1 Rfd8 18. Rad1 h6 19. Qe2 Bf4 20. Bxf4 Qxf4 21. Kg1 a5 22. a3 Qc7 23. Ba2 Qb6 24. Rd2 Rac8 25. Red1 Ba4 26. b3 Bd7 27. c4 Re8 28. Nf3 Bc6 29. Ne5 Qc5 30. Nxc6 Rxc6 31. a4 e5 32. Bb1 Kf8 33. Qe3 Qxe3 34. fxe3 Ke7 35. g4 Rec8 36. Bf5 R8c7 37. Rd8 g6 38. Bc2 Rc8 39. R8d2 R6c7 40. Kg2 Rd7 41. Rxd7+ Nxd7 42. Rd5 b6 43. Kf3 Rc5 44. Rxc5 Nxc5 45. Ke2 Kd6 46. Kd2 Ne6 47. Be4 Ng5 48. Bg2 f5 49. Kd3 e4+ 50. Kc3 fxg4 51. hxg4 Kc5 52. Kd2 Kb4 53. Kc2 h5 54. gxh5 gxh5 55. Bh1 h4 56. Bg2 h3 57. Bh1 Nf3 58. Kb2 Nd2 59. Kc2 Nxb3 0-1

[Event "XII Sabadell Open 2019"]
[Site "Sabadell"]
[Date "2019.09.02"]
[Round "1.7"]
[White "Harikrishnan.A.Ra"]
[Black "Rodriguez Velasco, German Enrique"]
[Result "1-0"]
[ECO "C00"]
[WhiteElo "2422"]
[BlackElo "2148"]
[Annotator "NA"]
[PlyCount "57"]
[EventDate "2019.09.01"]
[EventCountry "ESP"]
[SourceTitle "playchess.com"]
[Source "ChessBase"]
[SourceQuality "1"]
[TimeControl "5400+30"]

1. e4 c5 2. Nf3 e6 3. d3 Nc6 4. g3 d5 5. Nbd2 Nf6 6. Bg2 Be7 7. O-O O-O 8. Re1 Rb8 9. e5 Nd7 10. Nf1 b5 11. h4 b4 12. Bf4 a5 13. N1h2 Nd4 14. Nxd4 cxd4 15. Qg4 Re8 16. h5 f5 17. exf6 Nxf6 18. Qe2 Bd6 19. Be5 Bxe5 20. Qxe5 Bd7 21. h6 Rc8 22. Rac1 gxh6 23. Qxd4 Qe7 24. Nf3 Rc5 25. Ne5 Rec8 26. Nxd7 Nxd7 27. Bxd5 Nf8 28. Qg4+ Kf7 29. Bc4 1-0

[Event "XII Sabadell Open 2019"]
[Site "Sabadell"]
[Date "2019.09.03"]
[Round "2.13"]
[White "Sole Bove, Josep"]
[Black "Fernandez Aguilar, Francisco"]
[Result "0-1"]
[ECO "C68"]
[WhiteElo "1764"]
[BlackElo "2040"]
[Annotator "NA RC"]
[PlyCount "73"]
[EventDate "2019.09.01"]
[EventCountry "ESP"]
[SourceTitle "playchess.com"]
[Source "ChessBase"]
[SourceQuality "1"]
[TimeControl "5400+30"]

1. e4 e5 2. Nf3 Nc6 3. Bb5 a6 4. Bxc6 dxc6 5. d3 f6 6. Nbd2 Be6 7. b3 c5 8. Bb2 Qd7 9. Qe2 Ne7 10. Nc4 Nc6 11. c3 O-O-O 12. O-O-O Qf7 13. Kc2 b5 14. Ne3 b4 15. c4 Nd4+ 16. Nxd4 cxd4 17. Nf1 Bc5 18. Nd2 a5 19. Rdf1 Bd6 20. g3 Bh3 21. Ra1 Qe7 22. Nb1 a4 23. Nd2 h5 24. bxa4 Kd7 25. Nb3 Ra8 26. a5 c6 27. Qd2 Bc7 28. a3 Bd6 29. Qc1 f5 30. axb4 Bxb4 31. Ba3 fxe4 32. dxe4 Rhf8 33. f4 exf4 34. Bxb4 Qxb4 35. Ra4 Qc3+ 36. Kd1 Qb4 37. Kc2 0-1

[Event "XII Sabadell Open 2019"]
[Site "Sabadell"]
[Date "2019.09.03"]
[Round "2.14"]
[White "Martinez Ferrer, Rafael"]
[Black "Ruiz Bravo, Alfonso"]
[Result "0-1"]
[ECO "B23"]
[WhiteElo "1752"]
[BlackElo "1947"]
[Annotator "NA"]
[PlyCount "80"]
[EventDate "2019.09.01"]
[EventCountry "ESP"]
[SourceTitle "playchess.com"]
[Source "ChessBase"]
[SourceQuality "1"]
[TimeControl "5400+30"]

1. e4 c5 2. Nc3 Nc6 3. f4 g6 4. Nf3 Bg7 5. Bb5 d6 6. O-O Bd7 7. d3 e6 8. a4 Nge7 9. Bc4 Nd4 10. Nxd4 cxd4 11. Nb5 Bc6 12. Bb3 a6 13. Na3 b5 14. axb5 axb5 15. Bd2 d5 16. f5 exf5 17. exf5 Nxf5 18. Rxf5 gxf5 19. Bb4 Qg5 20. Qf1 O-O-O 21. Nb1 Rde8 22. Nd2 Re6 23. Nf3 Qg4 24. h3 Qg3 25. Be1 Qb8 26. Bd2 f4 27. Nh4 Re3 28. Nf5 Bf6 29. Bb4 Re6 30. Qf3 Qe5 31. Nh6 Qe3+ 32. Kf1 Qxf3+ 33. gxf3 Re3 34. Kg2 Rhe8 35. Nxf7 Rg8+ 36. Kh2 Rxf3 37. Nd6+ Kb8 38. Ra6 Rf2+ 39. Kh1 Rf1+ 40. Kh2 f3 0-1

[Event "XII Sabadell Open 2019"]
[Site "Sabadell"]
[Date "2019.09.03"]
[Round "2.15"]
[White "Prats Rodriguez, Juan Bosco"]
[Black "Navajas Alvarez, Josep"]
[Result "1-0"]
[ECO "C41"]
[WhiteElo "1936"]
[BlackElo "1731"]
[Annotator "NA RC"]
[PlyCount "119"]
[EventDate "2019.09.01"]
[EventCountry "ESP"]
[SourceTitle "playchess.com"]
[Source "ChessBase"]
[SourceQuality "1"]
[TimeControl "5400+30"]

1. e4 d6 2. d4 Nf6 3. Nc3 e5 4. Nf3 Nbd7 5. Bc4 exd4 6. Qxd4 {[%emt 0:01:31] C41: Philidor Defence} Be7 (6... Nb6 7. Bf4 Be7 8. O-O-O Nxc4 9. Qxc4 O-O 10. Rhe1 Be6 11. Qf1 Qc8 12. Nd4 Bd7 13. f3 Rb8 {1-0 (29) Van Foreest,J (2615)-Sokolov,I (2623) Hoogeveen 2016}) 7. h3 O-O 8. O-O Nb6 9. Bb3 Bd7 10. a4 $146 ({Predecessor:} 10. e5 dxe5 11. Nxe5 Bd6 12. Bg5 h6 13. Bh4 Be6 14. Bxe6 fxe6 {1-0 (45) Ding,L (2199)-Maar,S (1998) Vellmar 2016}) 10... a5 11. Bg5 h6 12. Bh4 Nh7 13. Bxe7 Qxe7 14. Rfe1 Ng5 15. Nxg5 Qxg5 16. Re3 Rfe8 17. Rd1 Bc6 18. Rdd3 Re7 19. Rf3 Bd7 20. Rg3 Qe5 21. Qxe5 Rxe5 22. f4 Re7 23. Rde3 Rae8 24. Kf2 Be6 25. Bxe6 Rxe6 26. b3 c6 27. Rd3 Nc8 28. Rge3 Kf8 29. Kf3 f6 30. Ne2 g6 31. Nd4 R6e7 32. f5 g5 33. Ne6+ Kf7 34. c4 c5 35. Re2 h5 36. g3 Rxe6 37. fxe6+ Rxe6 38. Red2 Kg6 39. Rd5 Kh6 40. h4 g4+ 41. Kf4 Kg6 42. Rd1 b6 43. R1d2 Kg7 $2 (43... Re7 44. Rd1 Re8) 44. Rxh5 Ne7 45. Rhd5 Ng6+ $1 $11 46. Ke3 (46. Kf5 Nf8 47. Rxd6 Re5+ 48. Kxg4 Rxe4+ 49. Kf3 Re6) 46... Ne7 47. Kf2 Nc8 $2 (47... Nxd5 {was called for.} 48. Rxd5 (48. exd5 Re5 $11) 48... Rxe4) 48. Ke3 $2 (48. Rf5 $18) 48... Ne7 49. Kf4 $2 ({Better is} 49. R5d3 $18) 49... Nc8 $18 50. Kxg4 Rxe4+ 51. Kf3 Re6 52. g4 Kf7 53. R2d3 Kg6 54. Re3 Rxe3+ 55. Kxe3 Kf7 56. Kf4 Kg6 57. h5+ Kf7 58. Rd1 Ke6 59. Re1+ Kf7 60. h6 1-0

[Event "XII Sabadell Open 2019"]
[Site "Sabadell"]
[Date "2019.09.03"]
[Round "2.16"]
[White "Bedoya Rosales, Luis"]
[Black "Fernandez Climent, Albert"]
[Result "1-0"]
[ECO "B86"]
[WhiteElo "1918"]
[BlackElo "1674"]
[Annotator "NA"]
[PlyCount "61"]
[EventDate "2019.09.01"]
[EventCountry "ESP"]
[SourceTitle "playchess.com"]
[Source "ChessBase"]
[SourceQuality "1"]
[TimeControl "5400+30"]

1. e4 c5 2. Nf3 e6 3. d4 cxd4 4. Nxd4 Nf6 5. Nc3 d6 6. Bc4 Nbd7 7. Bb3 a6 8. f4 Nc5 9. O-O Nfxe4 10. Nxe4 Nxe4 11. f5 e5 12. Qh5 d5 13. Re1 Qd7 14. Rxe4 dxe4 15. Ne6 Bc5+ 16. Kh1 g6 17. fxg6 fxg6 18. Qe2 Qxe6 19. Bxe6 Bxe6 20. Be3 Bxe3 21. Qxe3 Bf5 22. Qc5 Rc8 23. Qxe5+ Kf7 24. Qd5+ Kf6 25. Rf1 Kg7 26. g4 Bxg4 27. Rf7+ Kh6 28. h4 Bf5 29. Qd2+ e3 30. Qxe3+ Kh5 31. Qg5# 1-0

[Event "XII Sabadell Open 2019"]
[Site "Sabadell"]
[Date "2019.09.04"]
[Round "3.10"]
[White "Esplugas Esteve, Vicenc"]
[Black "Rivera, Ingris"]
[Result "1/2-1/2"]
[ECO "E91"]
[WhiteElo "2372"]
[BlackElo "2236"]
[Annotator "ChessBase"]
[PlyCount "109"]
[EventDate "2019.09.01"]
[EventCountry "ESP"]
[SourceTitle "playchess.com"]
[Source "ChessBase"]
[SourceQuality "1"]
[TimeControl "5400+30"]

1. d4 Nf6 2. c4 g6 3. Nc3 Bg7 4. e4 d6 5. Nf3 O-O 6. Be2 Bg4 7. Be3 Nfd7 8. h4 e5 9. d5 a5 10. a3 Na6 11. Rb1 Qe7 12. Ng5 Bxe2 13. Qxe2 h6 14. Nf3 f5 15. h5 g5 16. exf5 Rxf5 17. Ne4 Nac5 18. Nfd2 b6 19. O-O Raf8 20. b4 axb4 21. axb4 Nxe4 22. Nxe4 Qf7 23. Ra1 Rf4 24. Bxf4 exf4 25. Ra7 Ne5 26. f3 Qxh5 27. Nf2 g4 28. fxg4 Qh4 29. Rxc7 f3 30. Qb2 Nf7 31. Qc2 Qg3 32. Nh3 Ne5 33. Qf2 Qxg4 34. Kh2 Qe4 35. Kg1 Ng4 36. gxf3 Nxf2 37. fxe4 Nxh3+ 38. Kg2 Nf4+ 39. Kh1 Be5 40. Rb7 Rc8 41. Rxb6 Ne2 42. Re1 Ng3+ 43. Kg2 Rxc4 44. Rb7 Nxe4 45. b5 Nc3 46. Ra1 Na4 47. Rh1 Bg7 48. Kf3 Rc3+ 49. Kg4 Nc5 50. Rc7 Rd3 51. b6 Rxd5 52. b7 Nxb7 53. Rxb7 Rg5+ 54. Kf3 Kh7 55. Rd1 1/2-1/2

[Event "XII Sabadell Open 2019"]
[Site "Sabadell"]
[Date "2019.09.04"]
[Round "3.13"]
[White "Fernandez Aguilar, Francisco"]
[Black "Prats Rodriguez, Juan Bosco"]
[Result "1-0"]
[ECO "A11"]
[WhiteElo "2040"]
[BlackElo "1936"]
[Annotator "NA"]
[PlyCount "135"]
[EventDate "2019.09.01"]
[EventCountry "ESP"]
[SourceTitle "playchess.com"]
[Source "ChessBase"]
[SourceQuality "1"]
[TimeControl "5400+30"]

1. Nf3 d5 2. g3 Nf6 3. Bg2 Bf5 4. O-O e6 5. c4 c6 6. cxd5 exd5 7. d3 Be7 8. Qb3 Na6 9. Qxb7 Nc5 10. Qb4 Nxd3 11. Qa4 Nc5 12. Qd1 O-O 13. Nd4 Bd7 14. Qc2 Rc8 15. Nf5 Nce4 16. Nxe7+ Qxe7 17. Nc3 Bf5 18. Nxe4 Nxe4 19. Qa4 Rfd8 20. Qa5 Rb8 21. b3 Rb5 22. Ba3 Qd7 23. Qe1 Qb7 24. f3 Qb6+ 25. Kh1 Nc5 26. Qc3 d4 27. Qd2 Ne6 28. g4 Bg6 29. f4 f5 30. Qc2 d3 31. exd3 fxg4 32. Qxc6 Bxd3 33. Rfe1 Nf8 34. Qxb6 Rxb6 35. Rad1 Re6 36. Re5 Rxe5 37. fxe5 Ne6 38. Kg1 Kf7 39. Bd6 Be2 40. Rd2 Nf4 41. Be4 Bf3 42. Bxf3 gxf3 43. Kf2 Ng6 44. Rd4 Rc8 45. Kxf3 Rc2 46. Ra4 Ke6 47. h4 Nxe5+ 48. Bxe5 Kxe5 49. Rxa7 h5 50. Rxg7 Rxa2 51. Rg5+ Kd6 52. Rxh5 Ra3 53. Rb5 Kc6 54. Rb4 Kc5 55. Rc4+ Kd5 56. Rc3 Ke5 57. Re3+ Kf5 58. b4 Ra1 59. Rb3 Rh1 60. Kg3 Rg1+ 61. Kh2 Rg6 62. b5 Rb6 63. Rb4 Kg6 64. Kg3 Kf5 65. Kf3 Kg6 66. Ke4 Kf6 67. Kd5 Ke7 68. Kc5 1-0

[Event "XII Sabadell Open 2019"]
[Site "Sabadell"]
[Date "2019.09.04"]
[Round "3.14"]
[White "Ruiz Bravo, Alfonso"]
[Black "Bedoya Rosales, Luis"]
[Result "0-1"]
[ECO "B48"]
[WhiteElo "1947"]
[BlackElo "1918"]
[Annotator "NA"]
[PlyCount "80"]
[EventDate "2019.09.01"]
[EventCountry "ESP"]
[SourceTitle "playchess.com"]
[Source "ChessBase"]
[SourceQuality "1"]
[TimeControl "5400+30"]

1. e4 c5 2. Nf3 e6 3. d4 cxd4 4. Nxd4 Nc6 5. Be3 Nf6 6. Nc3 Qc7 7. a3 a6 8. Be2 Be7 9. O-O O-O 10. f4 d6 11. Kh1 Bd7 12. Qe1 Rfe8 13. Qg3 Bf8 14. Nf3 d5 15. e5 Ne4 16. Nxe4 dxe4 17. Ng5 Ne7 18. Qh3 h6 19. Nxe4 Qxc2 20. Nc5 Qxe2 21. Nxd7 Nf5 22. Rae1 Qb5 23. Nxf8 Rxf8 24. g4 Nxe3 25. Qxe3 Rac8 26. b4 Qd5+ 27. Kg1 Rc2 28. Rf2 Rfc8 29. Rxc2 Rxc2 30. Re2 Qd1+ 31. Kf2 Rxe2+ 32. Qxe2 Qh1 33. Ke3 Qc1+ 34. Ke4 Qxa3 35. Qc4 Qb2 36. Ke3 Qxh2 37. Qc8+ Kh7 38. Qxb7 Qg3+ 39. Kd4 Qxf4+ 40. Kd3 Qxg4 0-1

[Event "XII Sabadell Open 2019"]
[Site "Sabadell"]
[Date "2019.09.04"]
[Round "3.15"]
[White "Abreu Flores, Daniel"]
[Black "Martinez Ferrer, Albert"]
[Result "1-0"]
[ECO "C45"]
[WhiteElo "1905"]
[BlackElo "1780"]
[Annotator "NA RC"]
[PlyCount "113"]
[EventDate "2019.09.01"]
[EventCountry "ESP"]
[SourceTitle "playchess.com"]
[Source "ChessBase"]
[SourceQuality "1"]
[TimeControl "5400+30"]

1. e4 e5 2. Nf3 Nc6 3. d4 exd4 4. Nxd4 Nxd4 5. Qxd4 Qf6 6. e5 Qb6 7. Qf4 Qb4+ 8. Nc3 Qxf4 9. Bxf4 Bb4 10. Bd2 Bxc3 11. Bxc3 Ne7 12. Bc4 O-O 13. O-O-O Ng6 14. g3 b6 15. Bd5 Rb8 16. Rhe1 Ba6 17. f4 Rbd8 18. Bg2 Bc4 19. Bh3 Bb5 20. Rd2 Rfe8 21. Red1 Nf8 22. f5 a5 23. Bg2 h6 24. b3 a4 25. Bb2 axb3 26. axb3 Rc8 27. c4 Bc6 28. Bd5 Ra8 29. g4 Bxd5 30. Rxd5 Re7 31. h4 Ra7 32. Kb1 Ra8 33. Rg1 Ree8 34. h5 Re7 35. g5 hxg5 36. Rxg5 g6 37. hxg6 fxg6 38. Rd2 Rh7 39. e6 dxe6 40. fxg6 Rh6 41. Rf2 Nxg6 42. Rf6 Kh7 43. Rf7+ Kg8 44. Rg7+ Kf8 45. R5xg6 Rh1+ 46. Rg1 Rxg1+ 47. Rxg1 Ke7 48. Bc3 Rf8 49. Be5 c6 50. Rg7+ Rf7 51. Rxf7+ Kxf7 52. Kc2 Ke7 53. b4 b5 54. c5 Kf7 55. Kd3 Kg6 56. Ke4 Kf7 57. Bc7 1-0

[Event "XII Sabadell Open 2019"]
[Site "Sabadell"]
[Date "2019.09.04"]
[Round "3.16"]
[White "Costa Trave, Jaume"]
[Black "Borrellas Comellas, Josep"]
[Result "0-1"]
[ECO "C20"]
[WhiteElo "1769"]
[BlackElo "1943"]
[Annotator "NA"]
[PlyCount "72"]
[EventDate "2019.09.01"]
[EventCountry "ESP"]
[SourceTitle "playchess.com"]
[Source "ChessBase"]
[SourceQuality "1"]
[TimeControl "5400+30"]

1. f4 f5 2. e4 d6 3. Nc3 Nf6 4. d3 Nc6 5. Nf3 e5 6. fxe5 dxe5 7. Bg5 Be7 8. Bxf6 Bxf6 9. Qd2 Be6 10. O-O-O Nd4 11. Kb1 Nxf3 12. gxf3 f4 13. Rg1 Qd7 14. Ne2 c5 15. c4 O-O-O 16. Qc2 Kb8 17. Nc1 g5 18. Ne2 h5 19. Nc3 Rdg8 20. Nd5 Bd8 21. Qf2 Qd6 22. Be2 g4 23. Rg2 Rg7 24. Rh1 Rhg8 25. Bd1 g3 26. hxg3 fxg3 27. Qg1 h4 28. Rc2 h3 29. b3 g2 30. Rh2 Bh4 31. a3 Bg3 32. Rhxg2 hxg2 33. Rxg2 Bh2 34. Qxh2 Rxg2 35. Qh7 Bxd5 36. exd5 Qg6 0-1

[Event "XII Sabadell Open 2019"]
[Site "Sabadell"]
[Date "2019.09.05"]
[Round "4.12"]
[White "Bedoya Rosales, Luis"]
[Black "Abreu Flores, Daniel"]
[Result "1/2-1/2"]
[ECO "C07"]
[WhiteElo "1918"]
[BlackElo "1905"]
[Annotator "NA"]
[PlyCount "52"]
[EventDate "2019.09.01"]
[EventCountry "ESP"]
[SourceTitle "playchess.com"]
[Source "ChessBase"]
[SourceQuality "1"]
[TimeControl "5400+30"]

1. e4 e6 2. d4 d5 3. Nd2 c5 4. Ngf3 cxd4 5. Nxd4 Nf6 6. e5 Nfd7 7. N2f3 Nc6 8. Bb5 Qc7 9. O-O a6 10. Ba4 Nc5 11. c4 Nxa4 12. Qxa4 Bd7 13. cxd5 Nb4 14. Qb3 Nxd5 15. Bd2 Be7 16. Rfe1 h6 17. Qd3 Qb6 18. a3 g5 19. h3 O-O-O 20. Qb3 Rdg8 21. Qxb6 Nxb6 22. Rac1+ Kb8 23. Nh2 h5 24. g3 Nd5 25. Nf1 Bd8 26. Ne3 Nf4 1/2-1/2

[Event "XII Sabadell Open 2019"]
[Site "Sabadell"]
[Date "2019.09.05"]
[Round "4.13"]
[White "Tardio Fran, Emilio"]
[Black "Fernandez Aguilar, Francisco"]
[Result "0-1"]
[ECO "C58"]
[WhiteElo "1728"]
[BlackElo "2040"]
[Annotator "NA"]
[PlyCount "72"]
[EventDate "2019.09.01"]
[EventCountry "ESP"]
[SourceTitle "playchess.com"]
[Source "ChessBase"]
[SourceQuality "1"]
[TimeControl "5400+30"]

1. e4 e5 2. Nf3 Nc6 3. Bc4 Nf6 4. Ng5 d5 5. exd5 Na5 6. Bb5+ Bd7 7. Qe2 Be7 8. Nc3 Bxb5 9. Qxb5+ c6 10. dxc6 Nxc6 11. O-O O-O 12. Qe2 Nd4 13. Qd1 Rc8 14. Re1 Nd5 15. Nf3 Nb4 16. Rxe5 Ndxc2 17. Rb1 Bf6 18. a3 Bxe5 19. axb4 Bxc3 20. bxc3 Rxc3 21. Bb2 Rc8 22. Ne5 Nd4 23. Qg4 Ne6 24. f4 f5 25. Qe2 Qb6+ 26. Kh1 Qxb4 27. Nd3 Qe4 28. Qf1 Rfd8 29. Nf2 Qxf4 30. Qe1 Re8 31. Be5 Qc4 32. Rxb7 Qd5 33. Rb1 Nf4 34. Bxf4 Rxe1+ 35. Rxe1 Qe6 36. Be5 Qxe5 0-1

[Event "XII Sabadell Open 2019"]
[Site "Sabadell"]
[Date "2019.09.05"]
[Round "4.14"]
[White "Borrellas Comellas, Josep"]
[Black "Ritter Aguilar, Jordi"]
[Result "1-0"]
[ECO "C45"]
[WhiteElo "1943"]
[BlackElo "1826"]
[Annotator "NA"]
[PlyCount "67"]
[EventDate "2019.09.01"]
[EventCountry "ESP"]
[SourceTitle "playchess.com"]
[Source "ChessBase"]
[SourceQuality "1"]
[TimeControl "5400+30"]

1. e4 e5 2. Nf3 Nc6 3. d4 exd4 4. Nxd4 Qh4 5. Nc3 Bb4 6. Ndb5 Ba5 7. Bd3 Nge7 8. Bd2 a6 9. Na3 b5 10. Ne2 Bxd2+ 11. Qxd2 Qf6 12. c3 Ne5 13. O-O O-O 14. Rad1 N7g6 15. f4 Qb6+ 16. Kh1 Ng4 17. Nd4 c5 18. Nf5 Bb7 19. Be2 Nf6 20. e5 Nd5 21. c4 Nc7 22. Qxd7 Bc6 23. Qd3 Ne6 24. Qe3 Rad8 25. Nd6 Nd4 26. cxb5 axb5 27. Bd3 Nh4 28. Rf2 Rxd6 29. exd6 Re8 30. Qh3 Qd8 31. Nc2 Bxg2+ 32. Rxg2 Nxc2 33. Rxc2 c4 34. Bf1 1-0

[Event "XII Sabadell Open 2019"]
[Site "Sabadell"]
[Date "2019.09.05"]
[Round "4.15"]
[White "Alonso Castillo, Sergio"]
[Black "Llonch Farres, Gerard"]
[Result "1-0"]
[ECO "C00"]
[WhiteElo "2037"]
[BlackElo "1585"]
[Annotator "NA"]
[PlyCount "83"]
[EventDate "2019.09.01"]
[EventCountry "ESP"]
[SourceTitle "playchess.com"]
[Source "ChessBase"]
[SourceQuality "1"]
[TimeControl "5400+30"]

1. Nf3 d5 2. g3 Nf6 3. Bg2 c5 4. O-O Nc6 5. d3 e6 6. Nbd2 Be7 7. e4 d4 8. e5 {[%emt 0:03:20] C00: French: Unusual White 2nd moves} (8. a4 O-O 9. Nc4 b6 10. Bd2 Bb7 11. Ne1 a6 12. f4 b5 13. Na3 Qb6 14. Kh1 c4 15. Qe2 Bxa3 16. bxa3 c3 {1-0 (36) Novik,M (2457)-Bucinskas,V (2328) Lithuania 2018}) 8... Nd5 9. Re1 O-O 10. h4 f6 11. exf6 Bxf6 12. Ne4 Be7 13. Neg5 Bxg5 $146 ({Predecessor:} 13... Rf6 14. Bh3 Qf8 15. Bxe6+ Bxe6 16. Nxe6 Qf7 {1-0 (40) Catta Preta,D (2134)-Leite,E (2013) Brazil 2001}) 14. Bxg5 Qd6 15. Qe2 h6 16. Bd2 Bd7 17. Ne5 Rae8 18. Bh3 Rf6 19. Qe4 Ndb4 20. Bxb4 Nxb4 21. Nxd7 Qxd7 22. Re2 Nd5 23. Rae1 Kf7 24. Qe5 b5 25. Qh5+ Kf8 26. Re5 c4 27. dxc4 bxc4 28. Qe2 c3 29. bxc3 Nxc3 30. Qc4 Kf7 31. Rc5 Nd5 32. Qxd4 Re7 33. Bxe6+ Rfxe6 34. Rxe6 Rxe6 35. Rxd5 Re1+ 36. Kh2 Qc6 37. Qxa7+ Ke6 (37... Kg8 $142 38. Qd4 Qxc2) 38. c4 Qxc4 $18 39. Qd7+ Kf6 40. Rd6+ Ke5 41. Qe7+ Kf5 42. Qxe1 1-0

[Event "XII Sabadell Open 2019"]
[Site "Sabadell"]
[Date "2019.09.06"]
[Round "5.4"]
[White "Valderrama Quiceno, Esteban Alb"]
[Black "Gomez Jurado, Luis Alberto"]
[Result "1-0"]
[ECO "A06"]
[WhiteElo "2407"]
[BlackElo "2307"]
[Annotator "ChessBase"]
[PlyCount "105"]
[EventDate "2019.09.01"]
[EventCountry "ESP"]
[SourceTitle "playchess.com"]
[Source "ChessBase"]
[SourceQuality "1"]
[TimeControl "5400+30"]

1. Nf3 Nf6 2. b3 d5 3. Bb2 e6 4. e3 Be7 5. Be2 a5 6. a3 b6 7. O-O O-O 8. c4 Ba6 9. Qc2 c5 10. Nc3 Nc6 11. cxd5 Bxe2 12. Nxe2 exd5 13. d4 Qd7 14. Rfd1 Rfd8 15. Nf4 Rac8 16. dxc5 bxc5 17. Rac1 d4 18. Ne2 Qe6 19. exd4 Nxd4 20. Nexd4 cxd4 21. Qd3 Rxc1 22. Rxc1 h6 23. g3 Qh3 24. Rc4 Re8 25. Rxd4 Bc5 26. Rd8 Qe6 27. Bxf6 gxf6 28. Rxe8+ Qxe8 29. a4 Kg7 30. Kg2 Qa8 31. Qf5 Qc6 32. Qc2 Qd5 33. Qc4 Qc6 34. Qb5 Qc7 35. Nh4 Bb4 36. Nf5+ Kh7 37. Qd5 Bf8 38. h4 Kg8 39. h5 Qb6 40. Ne3 Bb4 41. Qa8+ Bf8 42. Nf5 Kh7 43. Qe4 Bc5 44. Kh3 Bf8 45. Nd6+ Kg8 46. Qg4+ Kh7 47. Nxf7 Bg7 48. Qg6+ Kg8 49. Nxh6+ Kh8 50. Nf5 Bf8 51. Qf7 Qb4 52. Nh4 Bg7 53. h6 1-0

[Event "XII Sabadell Open 2019"]
[Site "Sabadell"]
[Date "2019.09.06"]
[Round "5.9"]
[White "Sanchez, Sebastian Felipe"]
[Black "Quesada Vera, Liordis"]
[Result "1-0"]
[ECO "A55"]
[WhiteElo "2413"]
[BlackElo "2389"]
[Annotator "ChessBase"]
[PlyCount "69"]
[EventDate "2019.09.01"]
[EventCountry "ESP"]
[SourceTitle "playchess.com"]
[Source "ChessBase"]
[SourceQuality "1"]
[TimeControl "5400+30"]

1. d4 Nf6 2. c4 d6 3. Nf3 Nbd7 4. Nc3 e5 5. g3 Be7 6. Bg2 O-O 7. O-O c6 8. e4 a6 9. Qe2 Qe8 10. Rd1 b5 11. h3 bxc4 12. Qxc4 Nb6 13. Qe2 Nfd7 14. Be3 Bf6 15. dxe5 dxe5 16. Rd6 Bb7 17. Bf1 Be7 18. Rd2 c5 19. Rad1 f5 20. exf5 e4 21. Nh2 Ne5 22. Bf4 Nec4 23. Rc2 e3 24. fxe3 Rxf5 25. e4 Rxf4 26. gxf4 Bf6 27. e5 Qg6+ 28. Bg2 Re8 29. Ng4 h5 30. Bxb7 Bxe5 31. Be4 Bd4+ 32. Rxd4 Qf7 33. Rxc4 hxg4 34. Rxc5 Qxf4 35. Bd5+ 1-0

[Event "XII Sabadell Open 2019"]
[Site "Sabadell"]
[Date "2019.09.06"]
[Round "5.11"]
[White "Avila Pavas, Santiago"]
[Black "Rodriguez Velasco, German Enrique"]
[Result "1-0"]
[ECO "D02"]
[WhiteElo "2412"]
[BlackElo "2148"]
[Annotator "ChessBase"]
[PlyCount "46"]
[EventDate "2019.09.01"]
[EventCountry "ESP"]
[SourceTitle "playchess.com"]
[Source "ChessBase"]
[SourceQuality "1"]
[TimeControl "5400+30"]

1. Nf3 Nf6 2. d4 c5 3. c3 d5 4. dxc5 e6 5. b4 Be7 6. Bb2 O-O 7. Nbd2 Nbd7 8. c4 dxc4 9. e4 a5 10. a3 axb4 11. axb4 Rxa1 12. Qxa1 b5 13. Qa7 Ne8 14. Be2 Nc7 15. Nd4 Nf6 16. Nc6 Qd7 17. Nb8 Qd8 18. Be5 Nxe4 19. Nxe4 Qd5 20. Bf3 Qxe5 21. Nc6 Qf4 22. Nxe7+ Kh8 23. Nxc8 Rxc8 1-0